AoeStats
← danjo

Nomad

507059503Analyzed
2v2 RM · 16d ago on Sep 16, 2026· 43m 2s· 4 players
Game mode
Random Map
Map size
176×176
Population
200
Speed
Normal
Resources
Standard
Victory
Conquest
Starting age
Dark Age
Ending age
Imperial Age
RankedLock teamsTeams togetherTeam positionsShared explorationLock speedFull tech treeHidden civsTurbo modeCheats
Victory
Defeat
🇩🇪 Japanese · Germany
1190
+16
🇩🇪 Malians · Germany
1097
+20
🇪🇸 Spanish · Spain
1221
-19
🇪🇸 Malians · Spain
1158
-17
eNZo STaR
4:45 Loom
5:20 Loom
12:54 Feudal Age
16:38 Castle Age
18:24 Fletching
34:15 Imperial Age
33:51 Wheelbarrow
33:06 Town Watch
32:53 Elite Skirmisher
33:37 Padded Archer Armor
34:02 Bloodlines
33:52 Husbandry
34:26 Scale Barding Armor
34:17 Bodkin Arrow
36:58 Leather Archer Armor
39:10 Chain Barding Armor
39:27 Cavalier
40:20 Forging
David Di Vaio
7:51 Loom
13:01 Feudal Age
13:35 Double-Bit Axe
16:08 Fletching
21:02 Castle Age
20:04 Padded Archer Armor
21:53 Bow Saw
21:08 Crossbowman
26:07 Leather Archer Armor
25:50 Bodkin Arrow
28:35 Horse Collar
41:02 Ballistics
Hogan88
4:17 Loom
13:57 Feudal Age
15:33 Wheelbarrow
15:00 Double-Bit Axe
18:46 Castle Age
17:06 Fletching
21:22 Bodkin Arrow
24:03 Padded Archer Armor
25:24 Ballistics
29:20 Imperial Age
30:05 Bracer
31:02 Elite Skirmisher
34:17 Medium Warships
35:29 Thumb Ring
36:16 Parthian Tactics
36:22 Conscription
36:53 Bloodlines
36:43 Husbandry
37:06 Bow Saw
37:53 Leather Archer Armor
42:50 Siege Engineers
danjo
7:14 Loom
13:24 Feudal Age
17:44 Castle Age
23:24 Forging
25:46 Fletching
32:44 Scale Mail Armor
35:54 Fishing Lines
37:10 Padded Archer Armor
40:52 Double-Bit Axe
Connection lost

Rejoining the realm…

Still unreachable

The connection could not be restored.

Session expired

The server has moved on; the page needs a fresh start.